 Dungeon Crawl Stone Soup version 0.31.0-4-g52a2dc7128 (webtiles) character file.

Game seed: 3885942265713907430

445 Azzok the Ruffian (level 7, 0/64 HPs)
             Began as an Octopode Shapeshifter on Jan 21, 2024.
             Slain by Grinder (2 damage)
             ... on level 4 of the Dungeon.
             The game lasted 00:03:30 (2617 turns).

Azzok the Ruffian (Octopode Shapeshifter)           Turns: 2617, Time: 00:03:30

Health: 0/64       AC: 23    Str: 16    XL:     7   Next: 3%
Magic:  7/7        EV: -1    Int: 12    God:
Gold:   207        SH:  0    Dex: 11    Spells: 6/6 levels left

rFire   . .          .
                       - Unarmed
rCold   . . .        (no shield)
rNeg    . . .        (helmet currently unavailable)
rPois   +            (no amulet)
rElec   .            s - ring of willpower
rCorr   .            (no ring)
SInv    .            (no ring)
Will    +....        (no ring)
Stlth   +            (no ring)
HPRegen 0.30/turn    (no ring)
MPRegen 0.10/turn    (no ring)
                     (no ring)

%: no passive effects
@: tree-form, constricted
A: stationary, stasis, torment immunity, boosted hp, almost no armour,
(amphibious), 8 rings, (camouflage 1), (gelatinous body 1), (nimble swimmer 1),
(tentacles)
a: no special abilities


You were on level 4 of the Dungeon.
You were a tree.
You visited 1 branch of the dungeon, and saw 4 of its levels.

You collected 207 gold pieces.

Inventory:

Jewellery
 s - a ring of willpower (left branch)
Talismans
 b - a beast talisman
Wands
 u - a wand of digging (1)
Scrolls
 e - a scroll of fog {unknown}
 g - 2 scrolls of teleportation {unknown}
 j - a scroll of vulnerability {unknown}
 k - a scroll of fear {unknown}
 m - 2 scrolls of immolation {unknown}
 n - a scroll of amnesia {unknown}
 p - 2 scrolls of noise {unknown}
 q - 3 scrolls of identify {unknown}
 r - a scroll of enchant weapon {unknown}
Potions
 a - a potion of lignification
 c - 2 potions of mutation {unknown}
 d - a potion of heal wounds {unknown}
 f - 3 potions of haste {unknown}
 h - a potion of brilliance {unknown}
 i - a potion of curing {unknown}
 l - 2 potions of ambrosia {unknown}
 o - a potion of attraction {unknown}
 t - a potion of degeneration {unknown}


   Skills:
 - Level 1.0 Fighting
 - Level 2.0 Dodging
 + Level 5.8 Unarmed Combat
 + Level 5.4 Shapeshifting


You had 6 spell levels left.
You didn't know any spells.
Your spell library contained the following spells:

 Spells                   Type           Power      Damage    Failure   Level
 Ignite Poison            Fire/Alch      0%         N/A       97%         4
 Sticky Flame             Fire/Alch      0%         2d4       97%         4
 Ignition                 Fire           0%         3d3       100%        8


Dungeon Overview and Level Annotations

Branches:
Dungeon (4/15)
 Temple: D:4-7

Altars:
Ru

Shops:
D:1 ?   D:4 *

Annotations:
D:4 Dowan, Grinder


Innate Abilities, Weirdness & Mutations

You are a tree.
Your roots penetrate the ground, keeping you stationary.
You cannot be teleported.
You are immune to unholy pain and torment.
Your maximum health is greatly increased.
You cannot wear most types of armour.
((You are amphibious.))
You can wear up to eight rings at the same time.
((Your skin changes colour to match your surroundings (Stealth+).))
((Your rubbery body absorbs attacks. (AC +1, EV +1)))
((You are camouflaged when in or above water. (Stealth+)))
((You have tentacles for arms and can constrict up to eight enemies at once.))


Message History

You kill Natasha!
You feel Natasha's spirit has finally been put to rest.
You have reached level 7!
You now have 202 gold pieces (gained 7).
Things that are here:
a +0 hand axe; a +0 leather armour; an orc corpse
There is an entrance to Erorezei's Elemental Accessories here.
You now have 207 gold pieces (gained 5).
p - 2 scrolls labelled CEIWIKL DAWA (gained 1) Grinder and a ball python come into view.
Grinder is carrying a wand of polymorph.
Found a ring mail.
Grinder shouts!
The ball python hisses angrily.
You tentacle-slap Grinder but do no damage.
You grab Grinder. You constrict Grinder. The ball python bites you.
The ball python grabs you. The ball python constricts you.
Grinder struggles to blink free from constriction.
You tentacle-slap Grinder.
Grinder is lightly wounded.
You constrict Grinder. The ball python bites you.
The ball python constricts you. Grinder hits you.
You writhe in agony.
You tentacle-slap Grinder. You squeeze Grinder.
Grinder is heavily wounded.
You constrict Grinder. The ball python barely misses you.
The ball python constricts you. Grinder hits you!
You barely miss Grinder. You squeeze Grinder!
Grinder is severely wounded.
You constrict Grinder. The ball python closely misses you.
The ball python constricts you. The ball python completely misses you.
The ball python constricts you. Grinder hits you!
* * * LOW HITPOINT WARNING * * *
You writhe in agony.
* * * LOW HITPOINT WARNING * * *
Your transformation has ended.
You turn into a tree.
Your roots penetrate the ground.
You lose your grip on Grinder.
The ball python bites you.
* * * LOW HITPOINT WARNING * * *
The ball python constricts you. Grinder hits you.
You die...
Grinder says, "Hey, I wasn't done torturing you yet!"

♣♣·PP·♣♣▒·▒▒·▒
♣···PP♣ ▒·▒▒·▒ ·▒
♣P·P·P♣♣▒·▒▒·▒ [▒
♣♣♣♣·♣♣♣··▒▒·▒ ·▒
▒♣P··♣ ▒▒·▒▒·▒▒
·▒ ▒▒♣··♣
▒·▒▒··▒▒ ·▒ ▒
▒··▒ ▒·▒▒·▒·▒▒·▒
▒
▒▒·▒▒▒▒·▒·▒▒▒·▒S▒
▒▒▒▒·······▒
▒▒♣·▒
········▒·▒·▒
▒5▒······▒
·≈···≈··▒·▒▒·▒·▒
▒··▒▒·▒
·······▒▒·▒ ▒·▒
♣·▒
···∩······▒▒·▒··
·▒ ·······<····▒
▒·♣ ▒
)▒···§··▒▒▒▒·▒ ·▒
··········▒
▒·▒▒······▒


You could see Grinder and a ball python.

Vanquished Creatures
  2 hounds
  2 orc priests
  A bombardier beetle (D:4)
  Natasha (thrice) (D:4)
  2 iguanas (D:4)
  2 orc wizards (D:4)
  2 adders
  3 ribbon worms
  6 dart slugs
  9 orcs
  7 ball pythons
  An endoplasm (D:1)
  A giant cockroach (D:3)
  5 goblins
  5 hobgoblins (D:1)
  4 jackals
  6 kobolds
  4 quokkas
  10 bats
  3 frilled lizards
  8 rats
86 creatures vanquished.

Notes
Turn   | Place    | Note
-------+----------+-------------------------------------------
     0 | D:1      | Azzok the Octopode Shapeshifter began the quest for the
                  | Orb.
     0 | D:1      | Reached XP level 1. HP: 13/13 MP: 1/1
    94 | D:1      | Reached XP level 2. HP: 14/18 MP: 2/2
   259 | D:1      | Found Anotoov's Magic Scroll Boutique.
   339 | D:1      | Reached XP level 3. HP: 21/23 MP: 3/3
   899 | D:2      | Found a faded altar of an unknown god.
  1155 | D:2      | Reached XP level 4. HP: 28/28 MP: 4/4
  1301 | D:3      | Found a sacrificial altar of Ru.
  1554 | D:3      | Reached XP level 5. HP: 26/33 MP: 5/5
  2041 | D:4      | Noticed Natasha
  2049 | D:4      | Killed Natasha
  2050 | D:4      | Reached skill level 5 in Unarmed Combat
  2074 | D:4      | Reached XP level 6. HP: 18/38 MP: 6/6
  2154 | D:4      | Noticed Natasha
  2162 | D:4      | Killed Natasha
  2287 | D:4      | Reached skill level 5 in Shapeshifting
  2526 | D:4      | Noticed Dowan
  2542 | D:4      | Found Erorezei's Elemental Accessories.
  2550 | D:4      | Noticed Natasha
  2555 | D:4      | Killed Natasha
  2556 | D:4      | Reached XP level 7. HP: 43/43 MP: 7/7
  2612 | D:4      | Noticed Grinder
  2616 | D:4      | HP: 2/43 [Grinder (4)]
  2617 | D:4      | Slain by Grinder

Illustrated notes

Levels and vault maps discovered:
D:1:      saegor_arrival_simple_c, layout_basic, serial_shops, shop,
          minmay_octomino_e4
D:2:      layout_rooms, shapermc_ecumenical_altar_petra
D:3:      layout_loops_cross, mainiacjoe_overflow_tiny_flanked
D:4:      layout_loops_ring, serial_forest, infiniplex_forest_zigzag_1,
          infiniplex_forest_lined_1, infiniplex_forest_zigzag_1,
          infiniplex_forest_corner_2, infiniplex_forest_straight_1,
          infiniplex_forest_straight_5, infiniplex_forest_clump_cross,
          infiniplex_forest_end_2, chequers_serial_rivers_room_a,
          hangedman_abyss_or_decor_stabs, hangedman_decor_clover_reticule,
          nicolae_elemental_shop, st_stairs_1, serial_bayou_lagoon_a,
          uniq_natasha, uniq_grinder, uniq_duvessa, uniq_crazy_yiuf_cottage

Skill      XL: |  1  2  3  4  5  6 |
---------------+-------------------+-----
Unarmed Combat | 4 5 |  5.8
Shapeshifting  | 4 5 |  5.4
Fighting       | |  1.0
Dodging        | |  2.0

Action                     |  1- 3 |  4- 6 |  7- 9 || total
---------------------------+-------+-------+-------++-------
  Melee: Unarmed           |    82 |    92 |     4 ||   178
         Constrict         |    27 |    32 |     1 ||    60
         Tentacles         |     7 |    21 |     2 ||    30
         Punch             |     2 |     5 |       ||     7
    Use: Potion            |       |       |     1 ||     1
   Stab: Sleeping          |     9 |     2 |       ||    11
         Distracted        |     1 |       |       ||     1
 Armour: Skin              |    32 |    32 |     7 ||    71
  Dodge: Dodged            |    64 |    50 |     3 ||   117
